Construct Section Command Post
Selects Canadian Shock Battlegroup
Construct Platoon Command Post
Selects Offensive Resupply
Selects Canadian Shock Section
Construct Field Infirmary
Unlock M3 Stuart Light Tanks
6-pounder Anti-tank Gun Team
Construct Company Command Post
Unlock Towed 17-pounder Anti-tank Guns
17-pounder Anti-tank Gun Team
17-pounder Anti-tank Gun Team
Selects Churchill Crocodile Heavy Tank